 Dungeon Crawl Stone Soup version 0.30-a0-568-g124715a40b (webtiles) character file.

Game seed: 15592263871593219989

286 Adrian566 the Chopper (level 6, -25/47 HPs)
             Began as a Demonspawn Fighter on Dec 28, 2022.
             Annihilated by an ogre
             ... wielding a +0 giant spiked club
              (31 damage)
             ... on level 4 of the Dungeon.
             The game lasted 00:03:02 (3400 turns).

Adrian566 the Chopper (Demonspawn Fighter)          Turns: 3400, Time: 00:03:02

Health: -25/47     AC:  9    Str: 18    XL:     6   Next: 8%
Magic:  6/6        EV:  9    Int:  9    God:
Gold:   218        SH:  0    Dex: 13    Spells: 5/5 levels left

rFire   . . .      SeeInvis .    a - +1 war axe
rCold   . . .      Faith    .    o - orb {*Rage}
rNeg    . . .      Spirit   .    b - +0 scale mail
rPois   .          Reflect  .    (no helmet)
rElec   .          Harm     .    (no cloak)
rCorr   .          Rampage  .    (no gloves)
Will    .....      Rage     20%  (no boots) Stlth
                                 (no amulet)
HPRegen 0.27/turn                (no ring)
MPRegen 0.10/turn                (no ring)

@: mighty, on berserk cooldown, slowed, very slow
A: icy blue scales 1
a: no special abilities


You were on level 4 of the Dungeon.
You visited 1 branch of the dungeon, and saw 5 of its levels.

You collected 218 gold pieces.

Inventory:

Hand Weapons
 a - a +1 war axe (weapon)
Missiles
 g - a throwing net (quivered)
Armour
 b - a +0 scale mail (worn)
 c - a +0 buckler
 o - an orb of wrath (worn)
Wands
 n - a wand of digging (1)
Scrolls
 i - a scroll of poison
Potions
 e - a potion of curing {unknown}
 h - 4 potions of lignification
 j - a potion of flight {unknown}
 k - a potion of berserk rage {unknown}
 l - a potion of magic {unknown}
 m - a potion of cancellation {unknown}


   Skills:
 + Level 3.5 Fighting
 * Level 4.2 Axes
 + Level 3.8 Armour
 + Level 0.8 Dodging
 + Level 0.1 Stealth
 + Level 3.2 Shields


You had 5 spell levels left.
You didn't know any spells.
Your spell library contained the following spells:

 Spells                   Type           Power      Damage    Failure   Level
 Sting                    Tmut/Pois      0%         1d3       77%         1
 Poisonous Vapours        Pois/Air       0%         N/A       88%         2
 Olgreb's Toxic Radiance  Pois           0%         N/A       100%        4


Dungeon Overview and Level Annotations

Branches:
Dungeon (5/15)
 Temple: D:4-7

Altars:
Fedhas
Trog


Innate Abilities, Weirdness & Mutations

You are partially covered in icy blue scales. (AC +2)


Message History

The hound attacks as you move away! The hound bites you but does no damage.
An iguana comes into view.
The iguana hisses angrily.
The hound bites you but does no damage. The ogre attacks as you move away!
The ogre closely misses you.
A centaur comes into view.
The hound bites you but does no damage.
The centaur wields a +0 shortbow.
The centaur shoots an arrow.
The arrow hits you.
There is a stone staircase leading up here.
The hound misses you.
The centaur shoots an arrow.
The arrow closely misses you. The ogre barely misses you.
The hound bites you but does no damage.
The centaur shoots an arrow.
The arrow hits you.
* * * LOW HITPOINT WARNING * * *
The quokka completely misses you.
You climb upwards.
There is a stone staircase leading down here.
You feel much better. The hound barely misses you.
The ogre hits you with a +0 giant spiked club!!
The hound bites you but does no damage. The hound bites you.
* * * LOW HITPOINT WARNING * * *
The hound misses you. The hound bites you but does no damage.
The ogre barely misses you.
You feel much better. The hound bites you.
The hound bites you but does no damage. The ogre hits you but does no damage.
You feel very mighty all of a sudden. The hound barely misses you.
The hound bites you but does no damage.
The ogre hits you with a +0 giant spiked club!
You barely miss the ogre. You slash the hound! The hound barely misses you.
The hound bites you but does no damage.
The ogre hits you with a +0 giant spiked club!
* * * LOW HITPOINT WARNING * * *
The hound closely misses you.
You hit the ogre.
The ogre is lightly wounded.
You slash the hound!
You kill the hound!
The ogre hits you with a +0 giant spiked club!!
Ouch! That really hurt!
You die...

### #############@#
#....<.......O#
#.###########[# #.#
#)#
#.###########.## #
#.#...#........# #
#.#.#<#.#####..# #
#.#.#.#.#...#..#
####'#.#.#!#.#.#..#


You could see an ogre.

Vanquished Creatures
  A howler monkey (D:5)
  2 hounds
  4 orc wizards (D:3)
  3 adders
  3 gnolls
  2 worms
  5 orcs (D:3)
  An endoplasm (D:1)
  2 giant cockroaches
  7 goblins
  8 hobgoblins
  4 jackals (D:1)
  3 kobolds
  A quokka (D:3)
  6 ball pythons
  4 bats
  6 frilled lizards
  5 rats
67 creatures vanquished.

Notes
Turn   | Place    | Note
-------+----------+-------------------------------------------
     0 | D:1      | Adrian566 the Demonspawn Fighter began the quest for the
                  | Orb.
     0 | D:1      | Reached XP level 1. HP: 18/18 MP: 1/1
   181 | D:1      | Gained mutation: You are partially covered in icy blue
                  | scales. (AC +2) [demonic ancestry]
   181 | D:1      | Reached XP level 2. HP: 20/24 MP: 2/2
   242 | D:1      | Reached skill level 2 in Axes
   850 | D:2      | Reached XP level 3. HP: 29/29 MP: 3/3
   993 | D:2      | Found a blossoming altar of Fedhas.
  1389 | D:2      | HP: 1/29 [poisoned by a goblin]
  1689 | D:3      | Reached XP level 4. HP: 24/35 MP: 4/4
  1802 | D:3      | Reached skill level 3 in Axes
  1825 | D:3      | Reached XP level 5. HP: 26/41 MP: 5/5
  2505 | D:3      | Found a bloodstained altar of Trog.
  2558 | D:4      | Reached skill level 4 in Axes
  3375 | D:5      | Entered Level 5 of the Dungeon
  3381 | D:5      | Noticed an ogre
  3384 | D:5      | Reached XP level 6. HP: 47/47 MP: 6/6
  3400 | D:4      | Annihilated by an ogre

Illustrated notes

Levels and vault maps discovered:
D:1:      minmay_arrival_cross, layout_basic, st_stairs_1, minmay_misc_feat_iff
D:2:      layout_rooms, basic_altar
D:3:      layout_basic, mainiacjoe_overflow_cross_hatched,
          hangedman_abyss_or_decor_stabs, minmay_unequal
D:4:      layout_basic, mainiacjoe_overflow_concentric_impassable
D:5:      layout_cave_pools, nicolae_overflow_crystal_walls, st_stairs_7,
          corexii_checkpoint_a, minmay_misc_feat_secret_circle

Skill      XL: |  1  2  3  4  5 |
---------------+----------------+-----
Axes           | 2 3 4 |  4.2
Shields        | 3 |  3.2
Armour         | 3 |  3.8
Fighting       | |  3.5
Dodging        | |  0.8
Stealth        | |  0.1

Action                   |  1- 3 |  4- 6 || total
-------------------------+-------+-------++-------
Melee: War axe           |    94 |   118 ||   212
  Use: Scroll            |     4 |     4 ||     8
       Potion            |     2 |     4 ||     6
 Stab: Confused          |       |     1 ||     1
Armor: Scale mail        |    63 |    81 ||   144
Dodge: Dodged            |    49 |    80 ||   129
Block: Buckler           |    23 |    23 ||    46

Table legend: (Time is in decaauts)
 A = Elapsed time spent in this place.
 B = Non-inter-level travel time spent in this place.
 C = Inter-level travel time spent in this place.
 D = Time resting spent in this place.
 E = Time spent auto-exploring this place.
 F = Levels seen in this place.
 G = Mean time per level.
                   A        B        C        D        E       F      G
               +--------+--------+--------+--------+--------+-----+--------+
         Total |   3499 |   3450 |     49 |   1212 |   1682 |   5 |  699.8 |
       Dungeon |   3499 |   3450 |     49 |   1212 |   1682 |   5 |  699.8 |
               +--------+--------+--------+--------+--------+-----+--------+

Top non-repeatable levels by time:
     D:3: 1003 daAuts
     D:1: 865 daAuts
     D:4: 847 daAuts
     D:2: 760 daAuts
     D:5: 21 daAuts
